 Dungeon Crawl Stone Soup version 0.21.1-1-g345015f (webtiles) character file.

18 letownia2 the Magician (level 2, -1/19 HPs)
             Began as a Merfolk Wizard on Mar 18, 2018.
             Slain by a jackal (2 damage)
             ... on level 2 of the Dungeon.
             The game lasted 00:02:12 (399 turns).

letownia2 the Magician (Merfolk Wizard)              Turns: 399, Time: 00:02:13

Health: -1/19      AC:  2    Str:  7    XL:     2   Next: 66%
Magic:  0/6        EV: 13    Int: 17    God:
Gold:   0          SH:  0    Dex: 12    Spells: 4/7 levels left

rFire    . . .     SeeInvis .   o - +0 dagger
rCold    . . .     Gourm    .   (no shield)
rNeg     . . .     Faith    .   a - +0 robe
rPois    .         Spirit   .   b - +0 hat
rElec    .         Reflect  .   (no cloak)
rCorr    .         Harm     .   (no gloves)
MR       .....                  (no boots)
Stlth    ++........             (no amulet)
HPRegen  0.06/turn              (no ring)
MPRegen  0.10/turn              (no ring)

@: no status effects
A: change form in water, swift swim, stealthy swim
a: no special abilities


You were on level 2 of the Dungeon.
You were not hungry.

You visited 1 branch of the dungeon, and saw 3 of its levels.

Inventory:

Hand Weapons
 o - a +0 dagger (weapon)
Armour
 a - a +0 robe (worn)
 b - a +0 hat (worn)
 l - a +0 leather armour
Wands
 k - a wand of clouds (4)
Scrolls
 g - a scroll of noise {unknown}
 h - a scroll of immolation {unknown}
Potions
 e - a potion of agility {unknown}
 f - 2 potions of brilliance {unknown}
 i - a potion of flight {unknown}
 j - a potion of curing {unknown}
 m - a potion of heal wounds {unknown}
 n - a potion of degeneration {unknown}
Books
 c - a book of Minor Magic

   Spells                             Type                      Level
   a - Magic Dart                     Conjuration                  1
   b - Blink                          Translocation                2
   c - Call Imp                       Summoning                    2
   d - Slow                           Hexes                        2
   e - Conjure Flame                  Conjuration/Fire             3
   f - Mephitic Cloud                 Conjuration/Poison/Air       3
Comestibles
 d - a ration


   Skills:
 - Level 2.6 Dodging
 - Level 2.1 Stealth
 - Level 3.0 Spellcasting
 - Level 1.6 Conjurations
 + Level 1.7 Summonings
   Level 0.7 Translocations


You had 4 spell levels left.
You knew the following spells:

 Your Spells              Type           Power        Failure   Level  Hunger
a - Magic Dart            Conj           #...         9%          1    None
i - Call Imp              Summ           #.......     13%         2    ##.....


Dungeon Overview and Level Annotations

Branches:
Dungeon (3/15)

Altars:
Hepliaklqana

Annotations:
D:2 Sigmund


Message History

Your white imp barely misses the bat.
Unknown command.
You hit the jackal.
The jackal is severely wounded.
Your crimson imp disappears in a puff of smoke!
The bat hits you.
* * * LOW HITPOINT WARNING * * *
Sigmund gestures wildly while chanting.
Sigmund flickers and vanishes!
The jackal bites you.
* * * LOW HITPOINT WARNING * * *
Your white imp closely misses the bat.
The bat hits your white imp but does no damage.
You barely miss the jackal.
The jackal is severely wounded.
The bat barely misses you. The bat barely misses your white imp.
The jackal bites you but does no damage.
Your white imp hits the bat.
Your white imp freezes the bat.
The bat dies!
The jackal bites you.
You die...

#.....[[...........
#..................
#..(...............
#..................
#..................
#.<.†...###.......#
#.................+
#..55...r.........#
#.@h>.r....r......#
#######......####.#
###########.#
).....hh# .....##h.
.... #..{ .........
........# .....#
.........


You could see a jackal, 2 rats and 2 friendly white imps.

Vanquished Creatures
  A goblin (D:1)
  2 hobgoblins (D:1)
  3 bats
  2 frilled lizards (D:2)
  A kobold (D:2)
  3 rats
12 creatures vanquished.

Vanquished Creatures (collateral kills)
  An adder (D:2)
  2 jackals (D:2)
  A bat (D:2)
4 creatures vanquished.

Grand Total: 16 creatures vanquished

Notes
Turn   | Place    | Note
-------+----------+-------------------------------------------
     0 | D:1      | letownia2 the Merfolk Wizard began the quest for the Orb.
     0 | D:1      | Reached XP level 1. HP: 13/13 MP: 4/4
    77 | D:1      | Reached skill level 1 in Conjurations
   238 | D:2      | Reached XP level 2. HP: 11/19 MP: 3/6
   243 | D:2      | Learned a level 2 spell: Call Imp
   281 | D:2      | Found a hazy altar of Hepliaklqana.
   362 | D:2      | Noticed Sigmund
   399 | D:2      | Slain by a jackal

Skill      XL: |  1 |
---------------+----+-----
Conjurations   | 1 |  1.6
Dodging        | |  2.6
Stealth        | |  2.1
Spellcasting   | |  3.0
Summonings     | |  1.7
Translocations | |  0.7

Action                   || total
-------------------------++-------
Melee: Unarmed           ||     4
       Dagger            ||     7
 Cast: Magic Dart        ||    25
       Call Imp          ||     3
Armor: Robe              ||    16
Dodge: Dodged            ||    44
